 Dungeon Crawl Stone Soup version 0.31-a0-968-g24f9ace8b5 (webtiles) character file.

Game seed: 10953153991211736032

354 Shayle the Trooper (level 6, 0/42 HPs)
             Began as a Tengu Hexslinger on Oct 27, 2023.
             Was an Initiate of Ashenzari.
             Slain by an ice beast (2 damage)
             ... on level 5 of the Dungeon.
             The game lasted 00:08:52 (3919 turns).

Shayle the Trooper (Tengu Hexslinger)               Turns: 3919, Time: 00:08:52

Health: 0/42       AC:  3    Str:  8    XL:     6   Next: 63%
Magic:  8/8        EV: 12    Int: 14    God:    Ashenzari [......]
Gold:   125        SH:  0    Dex: 18    Spells: 7/7 levels left

rFire   . . .        a - +1 sling (freeze)
rCold   . . .        (no shield)
rNeg    . . .        c - +0 robe
rPois   .            (helmet restricted)
rElec   .            f - +0 cloak
rCorr   .            (no gloves)
SInv    .            (boots unavailable)
Will    .....        (no amulet)
Stlth   ++           (no ring)
HPRegen 0.27/turn    (no ring)
MPRegen 0.11/turn

%: acrobat
@: mighty
A: beak, talons 3, acrobatic
a: Renounce Religion


You were on level 5 of the Dungeon.
You worshipped Ashenzari.
Ashenzari was noncommittal.
You visited 2 branches of the dungeon, and saw 6 of its levels.

You collected 125 gold pieces.

Inventory:

Hand Weapons
 a - a +1 sling of freezing (weapon)
 n - a +2 short sword of flaming
Armour
 c - a +0 robe (worn)
 f - a +0 cloak (worn)
Jewellery
 m - an amulet of faith
Wands
 u - a wand of iceblast (11)
Scrolls
 b - a scroll of poison
 e - a scroll of torment
 g - a scroll of revelation
 k - a scroll of amnesia
 o - a scroll of fog
Potions
 d - 2 potions of enlightenment
 h - a potion of mutation {unknown}
 i - 2 potions of degeneration {unknown}
 j - a potion of attraction {unknown}
 l - 2 potions of might
 p - a potion of curing
 q - a potion of heal wounds {unknown}
 s - a potion of brilliance {unknown}


   Skills:
 + Level 6.6 Fighting
 - Level 2.1 Ranged Weapons
 - Level 2.1 Dodging
 - Level 1.0 Spellcasting
 - Level 2.1 Hexes
 - Level 1.1 Fire Magic


You had 7 spell levels left.
You didn't know any spells.
Your spell library contained the following spells:

 Spells                   Type           Power      Damage    Failure   Level
 Jinxbite                 Hex            12%        N/A       16%         2
 Sigil of Binding         Hex            6%         N/A       32%         3
 Inner Flame              Hex/Fire       5%         N/A       38%         3
 Cause Fear               Hex            3%         N/A       71%         4
 Dimensional Bullseye     Hex/Tloc       1%         N/A       86%         4


Dungeon Overview and Level Annotations

Branches:
Dungeon (5/15)             Temple (1/1) D:5

Altars:
Ashenzari
Cheibriados
Dithmenos
Elyvilon
Fedhas
Gozag
Hepliaklqana
Kikubaaqudgha
Makhleb
Nemelex Xobeh
Okawaru
Qazlal
Ru
Sif Muna
Trog
Wu Jian
Xom
Yredelemnul
The Shining One


Innate Abilities, Weirdness & Mutations

You have a beak for a mouth.
You have claws for feet.
You can magically evade attacks while moving or waiting.


Message History

The shadow imp is moderately wounded.
The shadow imp disappears for a moment.
The shadow imp hits you.
You shoot a sling bullet. The sling bullet hits the shadow imp!
The shadow imp is almost dead.
The shadow imp hits you but does no damage.
The shadow imp hits you.
You shoot a sling bullet.
The sling bullet closely misses the shadow imp.
The shadow imp hits you.
You shoot a sling bullet. The sling bullet hits the shadow imp.
You kill the shadow imp!
Okay, then.
Found 15 gold pieces.
You now have 125 gold pieces (gained 15).
Okay, then.
An ice beast comes into view.
The ice beast barely misses you.
You feel very mighty all of a sudden. The ice beast hits you.
The ice beast freezes you.
You shoot a sling bullet.
The sling bullet hits the ice beast but does no damage.
The ice beast hits you. The ice beast freezes you!
You shoot a sling bullet. The sling bullet hits the ice beast.
The ice beast is lightly wounded.
The ice beast closely misses you. The ice beast misses you.
You shoot a sling bullet.
The sling bullet barely misses the ice beast.
The ice beast hits you. The ice beast freezes you!
* * * LOW HITPOINT WARNING * * *
You shoot a sling bullet.
The sling bullet barely misses the ice beast.
The ice beast hits you.
* * * LOW HITPOINT WARNING * * *
The ice beast freezes you!
* * * LOW HITPOINT WARNING * * *
You shoot a sling bullet. The sling bullet hits the ice beast!
The ice beast is moderately wounded.
The ice beast barely misses you. The ice beast hits you.
You die...

.####.#............#
........############
#######.# #.# #.#
#.# #.# #.# #@#
#.Y.# #..#... #..
..... ##. .##### ##
##


You could see an ice beast.

Vanquished Creatures
  A phantom (D:4)
  Natasha (thrice) (D:4)
  An orc wizard (D:3)
  4 gnolls
  6 adders
  A shadow imp (D:5)
  A worm (D:2)
  10 orcs
  5 ball pythons
  6 endoplasms
  A giant cockroach (D:2)
  9 goblins
  6 hobgoblins
  11 kobolds
  A quokka (D:3)
  5 bats
  3 frilled lizards
  2 rats
76 creatures vanquished.

Notes
Turn   | Place    | Note
-------+----------+-------------------------------------------
     0 | D:1      | Shayle the Tengu Hexslinger began the quest for the Orb.
     0 | D:1      | Reached XP level 1. HP: 12/12 MP: 3/3
   274 | D:1      | Reached skill level 2 in Fighting
   274 | D:1      | Reached XP level 2. HP: 17/17 MP: 4/4
   417 | D:1      | Found a faded altar of an unknown god.
  1135 | D:1      | Reached skill level 3 in Fighting
  1135 | D:1      | Reached XP level 3. HP: 14/23 MP: 5/5
  1708 | D:2      | Reached XP level 4. HP: 27/29 MP: 6/6
  1749 | D:2      | Reached skill level 4 in Fighting
  2124 | D:3      | Reached XP level 5. HP: 34/34 MP: 7/7
  2535 | D:4      | Reached skill level 5 in Fighting
  3251 | D:4      | Noticed a phantom
  3265 | D:4      | Killed a phantom
  3266 | D:4      | Reached skill level 6 in Fighting
  3266 | D:4      | Reached XP level 6. HP: 20/41 MP: 8/8
  3280 | D:5      | Entered Level 5 of the Dungeon
  3563 | D:4      | Noticed Natasha
  3567 | D:4      | Killed Natasha
  3604 | D:4      | Noticed Natasha
  3609 | D:4      | Killed Natasha
  3653 | D:4      | Noticed Natasha
  3662 | D:4      | Killed Natasha
  3736 | D:5      | Found a staircase to the Ecumenical Temple.
  3746 | Temple   | Entered the Ecumenical Temple
  3766 | Temple   | Became a worshipper of Ashenzari the Shackled
  3812 | D:5      | Noticed an ice beast
  3911 | D:5      | Noticed an ice beast
  3918 | D:5      | HP: 1/42 [ice beast (8)]
  3919 | D:5      | Slain by an ice beast

Illustrated notes

Levels and vault maps discovered:
D:1:      roderic_lyre, layout_basic, serial_rivers,
          chequers_serial_rivers_micro_c, chequers_serial_rivers_large_b,
          chequers_serial_rivers_micro_e, chequers_serial_rivers_large_a,
          chequers_serial_rivers_micro_b,
          shapermc_ecumenical_altar_totnotflames, grunt_decor_junction,
          st_stairs_7
D:2:      layout_rooms, minmay_pentomino_r2
D:3:      layout_basic
D:4:      layout_basic, uniq_natasha
D:5:      layout_loops_ring, minmay_temple_entry_tees, chequers_jeans,
          uniq_duvessa
Temple:   hellmonk_temple_of_storms

Skill      XL: |  1  2  3  4  5 |
---------------+----------------+-----
Fighting       | 2 3 4 6 |  6.6
Ranged Weapons | |  2.1
Dodging        | |  2.1
Spellcasting   | |  1.0
Hexes          | |  2.1
Fire Magic     | |  1.1

Action                     |  1- 3 |  4- 6 || total
---------------------------+-------+-------++-------
   Fire: Sling             |    77 |   218 ||   295
  Evoke: Wand              |       |     2 ||     2
    Use: Scroll            |     3 |    10 ||    13
         Potion            |     1 |     2 ||     3
 Armour: Robe              |    20 |    73 ||    93
  Dodge: Dodged            |    26 |    92 ||   118

Table legend: (Time is in decaauts)
 A = Elapsed time spent in this place.
 B = Non-inter-level travel time spent in this place.
 C = Inter-level travel time spent in this place.
 D = Time resting spent in this place.
 E = Time spent auto-exploring this place.
 F = Levels seen in this place.
 G = Mean time per level.
                   A        B        C        D        E       F      G
               +--------+--------+--------+--------+--------+-----+--------+
         Total |   4047 |   3802 |    245 |    516 |   2396 |   6 |  674.5 |
       Dungeon |   4006 |   3781 |    225 |    516 |   2396 |   5 |  801.2 |
        Temple |     40 |     20 |     20 |      0 |      0 |   1 |   40.0 |
               +--------+--------+--------+--------+--------+-----+--------+

Top non-repeatable levels by time:
     D:1: 1496 daAuts
     D:3: 923 daAuts
     D:2: 693 daAuts
     D:4: 681 daAuts
     D:5: 211 daAuts
  Temple: 40 daAuts
